MWL (24 & UNDER)
GRIM REAPERS @ LEE'S SUMMIT TIGERS
08/26/2029
 
TOP OF THE 1ST
Grim Reapers batting - Pitching for Lee's Summit Tigers : RHP José Medellín
Pitching: RHP José Medellín
Batting: RHB Sandro Hernández 0-0: Ball
1-0: Ball
2-0: Foul Ball, location: 2F
2-1: Ball
3-1: Foul Ball, location: 2F
3-2: Base on Balls
Batting: RHB Pedro López 0-0: Foul Ball, location: 2F
0-1: Ball
1-1: Called Strike
1-2: Ball
2-2: Ball
3-2: Strikes out looking
Batting: RHB Justin Geoghegan 0-0: Ball
1-0: Ball
2-0: Ball
3-0: Base on Balls
Sandro Hernández to second
Batting: RHB Juan Ortega 0-0: Fielders Choice at 2nd, 4-6 (Groundball, 4)
Sandro Hernández to third
Batting: RHB Roberto Villela 0-0: Ball
1-0: Called Strike
1-1: Ball
2-1: Foul Ball, location: 2F
2-2: Strikes out swinging
Top of the 1st over - 0 runs, 0 hits, 0 errors, 2 left on base; Grim 0 - Lee's Summit 0
BOTTOM OF THE 1ST
Lee's Summit Tigers batting - Pitching for Grim Reapers : RHP Elijah Justice
Pitching: RHP Elijah Justice
Batting: RHB Ian Hill 0-0: Ball
1-0: Ball
2-0: Called Strike
2-1: Foul Ball, location: 2F
2-2: Strikes out swinging
Batting: LHB José Guerrero 0-0: Foul Ball, location: 2F
0-1: Ground out 4-3 (Groundball, 4)
Batting: LHB Chris Gibson 0-0: Called Strike
0-1: Ball
1-1: SINGLE (Groundball, 6D)
Batting: RHB John Arnold 0-0: Ball
1-0: Ball
2-0: Ball
3-0: Called Strike
3-1: SINGLE (Line Drive, 7LM)
Chris Gibson to second
Batting: RHB Salvador Rodríguez 0-0: Fly out, F9 (Flyball, 9S)
Bottom of the 1st over - 0 runs, 2 hits, 0 errors, 2 left on base; Grim 0 - Lee's Summit 0
TOP OF THE 2ND
Grim Reapers batting - Pitching for Lee's Summit Tigers : RHP José Medellín
Batting: RHB Joel Hebert 0-0: SINGLE (Line Drive, 34D)
Batting: RHB Phil Martin 0-0: Called Strike
0-1: Called Strike
0-2: Ball
1-2: Foul Ball, location: 2F
1-2: Strikes out swinging
Batting: SHB Frank Grant 0-0: Foul Ball, location: 2F
0-1: Foul Ball, location: 2F
0-2: Ball
1-2: Ball
2-2: Foul Ball, location: 2F
2-2: Ball
3-2: Strikes out swinging
Batting: RHB Luis Samaripa 0-0: Ball
1-0: Fielders Choice at 2nd, 6-4 (Groundball, 6)
Top of the 2nd over - 0 runs, 1 hit, 0 errors, 1 left on base; Grim 0 - Lee's Summit 0
BOTTOM OF THE 2ND
Lee's Summit Tigers batting - Pitching for Grim Reapers : RHP Elijah Justice
Batting: RHB José Deleón 0-0: SOLO HOME RUN (Flyball, 7LD), Distance : 311 ft
Batting: SHB Enrique Bartoccini 0-0: Bunted foul
0-1: Swinging Strike
0-2: Ball
1-2: Strikes out swinging
Batting: RHB José Mindoro 0-0: Called Strike
0-1: Ground out 6-3 (Groundball, 6M)
Batting: RHB Juan Rodríguez 0-0: Called Strike
0-1: Ball
1-1: Foul Ball, location: 2F
1-2: Foul Ball, location: 2F
1-2: Hit by Pitch
Batting: RHB Ian Hill 0-0: Fly out, F2 (Popup, 2LF)
Bottom of the 2nd over - 1 run, 1 hit, 0 errors, 1 left on base; Grim 0 - Lee's Summit 1
TOP OF THE 3RD
Grim Reapers batting - Pitching for Lee's Summit Tigers : RHP José Medellín
Batting: RHB Sandro Hernández 0-0: Foul Ball, location: 2F
0-1: Reached on error, E5 (Groundball, 25)
Batting: RHB Pedro López 0-0: Called Strike
0-1: Ball
1-1: Swinging Strike
1-2: Foul Ball, location: 2F
1-2: Foul Ball, location: 2F
1-2: Foul Ball, location: 2F
1-2: SINGLE (Line Drive, 6MD)
Sandro Hernández to second
Batting: RHB Justin Geoghegan 0-0: Ball
1-0: Fly out, F4 (Popup, 34)
Batting: RHB Juan Ortega 0-0: Ball
1-0: DOUBLE (Line Drive, 78M)
Sandro Hernández scores
Pedro López to third
Runner from 3rd tries for Home, SAFE, no throw
Batting: RHB Roberto Villela 0-0: Fly out, F9 (Flyball, 9)
Batting: RHB Joel Hebert 0-0: Foul Ball, location: 2F
0-1: Ball
1-1: SINGLE (Line Drive, 4M)
Juan Ortega to third
Runner from 3rd tries for Home, SAFE, throw made home
Joel Hebert to second
Batting: RHB Phil Martin 0-0: Called Strike
0-1: Ball
1-1: Swinging Strike
1-2: Ball
2-2: Strikes out looking
Top of the 3rd over - 3 runs, 3 hits, 1 error, 1 left on base; Grim 3 - Lee's Summit 1
BOTTOM OF THE 3RD
Lee's Summit Tigers batting - Pitching for Grim Reapers : RHP Elijah Justice
Batting: LHB José Guerrero 0-0: Called Strike
0-1: Ball
1-1: Swinging Strike
1-2: Fly out, F4 (Popup, 4S)
Batting: LHB Chris Gibson 0-0: Ball
1-0: Called Strike
1-1: Ground out 6-3 (Groundball, 6)
Batting: RHB John Arnold 0-0: Ball
1-0: Ball
2-0: SINGLE (Flyball, 78M)
Batting: RHB Salvador Rodríguez 0-0: Called Strike
0-1: Swinging Strike
0-2: Strikes out swinging
Bottom of the 3rd over - 0 runs, 1 hit, 0 errors, 1 left on base; Grim 3 - Lee's Summit 1
TOP OF THE 4TH
Grim Reapers batting - Pitching for Lee's Summit Tigers : RHP José Medellín
Batting: SHB Frank Grant 0-0: Ball
1-0: Ground out 6-3 (Groundball, 6)
Batting: RHB Luis Samaripa 0-0: Called Strike
0-1: Foul Ball, location: 2F
0-2: Strikes out swinging
Batting: RHB Sandro Hernández 0-0: Ball
1-0: Swinging Strike
1-1: Hit by Pitch
Batting: RHB Pedro López 0-0: SINGLE (Groundball, 56D)
Sandro Hernández to second
Batting: RHB Justin Geoghegan 0-0: Ball
1-0: Ball
2-0: Called Strike
2-1: Fly out, F8 (Flyball, 8RM)
Top of the 4th over - 0 runs, 1 hit, 0 errors, 2 left on base; Grim 3 - Lee's Summit 1
BOTTOM OF THE 4TH
Lee's Summit Tigers batting - Pitching for Grim Reapers : RHP Elijah Justice
Batting: RHB José Deleón 0-0: Ball
1-0: Swinging Strike
1-1: Swinging Strike
1-2: Foul Ball, location: 2F
1-2: Strikes out swinging
Batting: SHB Enrique Bartoccini 0-0: Ball
1-0: Foul Ball, location: 2F
1-1: Foul Ball, location: 2F
1-2: Ball
2-2: Ball
3-2: Fly out, F8 (Line Drive, 8RD)
Batting: RHB José Mindoro 0-0: Ball
1-0: Fly out, F8 (Flyball, 89D)
Bottom of the 4th over - 0 runs, 0 hits, 0 errors, 0 left on base; Grim 3 - Lee's Summit 1
TOP OF THE 5TH
Grim Reapers batting - Pitching for Lee's Summit Tigers : RHP José Medellín
Batting: RHB Juan Ortega 0-0: Ball
1-0: Ball
2-0: Ground out 1-3 (Groundball, 13)
Batting: RHB Roberto Villela 0-0: Ground out 4-3 (Groundball, 4MD)
Batting: RHB Joel Hebert 0-0: Called Strike
0-1: Ball
1-1: SINGLE (Groundball, 34D)
Batting: RHB Phil Martin 0-0: Ball
1-0: Fly out, F9 (Line Drive, 9)
Top of the 5th over - 0 runs, 1 hit, 0 errors, 1 left on base; Grim 3 - Lee's Summit 1
BOTTOM OF THE 5TH
Lee's Summit Tigers batting - Pitching for Grim Reapers : RHP Elijah Justice
Batting: RHB Juan Rodríguez 0-0: Ball
1-0: Ball
2-0: Foul Ball, location: 2F
2-1: Foul Ball, location: 2F
2-2: Strikes out swinging
Batting: RHB Ian Hill 0-0: Ball
1-0: Called Strike
1-1: Swinging Strike
1-2: Foul Ball, location: 2F
1-2: Strikes out swinging
Batting: LHB José Guerrero 0-0: Ball
1-0: Called Strike
1-1: Ball
2-1: Ground out 6-3 (Groundball, 6S)
Bottom of the 5th over - 0 runs, 0 hits, 0 errors, 0 left on base; Grim 3 - Lee's Summit 1
TOP OF THE 6TH
Grim Reapers batting - Pitching for Lee's Summit Tigers : RHP José Medellín
Batting: SHB Frank Grant 0-0: Ball
1-0: Foul Ball, location: 2F
1-1: Ball
2-1: Ground out 4-3 (Groundball, 4)
Batting: RHB Luis Samaripa 0-0: Swinging Strike
0-1: Ball
1-1: Called Strike
1-2: Ball
2-2: Ball
3-2: Strikes out swinging
Batting: RHB Sandro Hernández 0-0: Fly out, F8 (Line Drive, 8LD)
Top of the 6th over - 0 runs, 0 hits, 0 errors, 0 left on base; Grim 3 - Lee's Summit 1
BOTTOM OF THE 6TH
Lee's Summit Tigers batting - Pitching for Grim Reapers : RHP Elijah Justice
Batting: LHB Chris Gibson 0-0: Called Strike
0-1: Fly out, F3 (Line Drive, 3)
Batting: RHB John Arnold 0-0: Ground out 6-3 (Groundball, 6)
Batting: RHB Salvador Rodríguez 0-0: Ball
1-0: Ball
2-0: Foul Ball, location: 2F
2-1: Ground out 5-3 (Groundball, 56)
Bottom of the 6th over - 0 runs, 0 hits, 0 errors, 0 left on base; Grim 3 - Lee's Summit 1
TOP OF THE 7TH
Grim Reapers batting - Pitching for Lee's Summit Tigers : RHP José Medellín
Batting: RHB Pedro López 0-0: Called Strike
0-1: Called Strike
0-2: Ball
1-2: Ball
2-2: Foul Ball, location: 2F
2-2: Strikes out swinging
Batting: RHB Justin Geoghegan 0-0: Swinging Strike
0-1: Ball
1-1: Foul Ball, location: 2F
1-2: Ball
2-2: Strikes out swinging
Batting: RHB Juan Ortega 0-0: Ball
1-0: Swinging Strike
1-1: Swinging Strike
1-2: Strikes out swinging
Top of the 7th over - 0 runs, 0 hits, 0 errors, 0 left on base; Grim 3 - Lee's Summit 1
BOTTOM OF THE 7TH
Lee's Summit Tigers batting - Pitching for Grim Reapers : RHP Elijah Justice
Batting: RHB José Deleón 0-0: Ball
1-0: Ball
2-0: Ball
3-0: Base on Balls
Batting: SHB Enrique Bartoccini 0-0: Sac Bunt - play at first, batter OUT! 1-3
José Deleón to second
Batting: RHB José Mindoro 0-0: SINGLE (Line Drive, 9S)
José Deleón to third
Batting: RHB Juan Rodríguez 0-0: Ball
1-0: Swinging Strike
1-1: Ball
2-1: Foul Ball, location: 2F
2-2: Foul Ball, location: 2F
2-2: Foul Ball, location: 2F
2-2: Foul Ball, location: 2F
2-2: Foul Ball, location: 2F
2-2: Fielders Choice at 2nd, 1-6 (Groundball, 13S)
Pinch Hitting: LHB David Gómez 0-0: Foul Ball, location: 2F
0-1: Foul Ball, location: 2F
0-2: Foul Ball, location: 2F
0-2: Strikes out swinging
Bottom of the 7th over - 0 runs, 1 hit, 0 errors, 2 left on base; Grim 3 - Lee's Summit 1
TOP OF THE 8TH
Grim Reapers batting - Pitching for Lee's Summit Tigers : RHP José Medellín
Pitching: RHP Christiano Bray
Now at 2B: David Gómez
Batting: RHB Roberto Villela 0-0: Ground out 4-3 (Groundball, 4S)
Batting: RHB Joel Hebert 0-0: Foul Ball, location: 2F
0-1: Ball
1-1: SINGLE (Groundball, 5S) (infield hit)
Batting: RHB Phil Martin 0-0: Called Strike
0-1: Ball
1-1: Called Strike
1-2: Ball
2-2: Ball
3-2: Fly out, F8 (Line Drive, 8LS)
Batting: SHB Frank Grant 0-0: Ball
1-0: Swinging Strike
1-1: Swinging Strike
1-2: Strikes out swinging
Top of the 8th over - 0 runs, 1 hit, 0 errors, 1 left on base; Grim 3 - Lee's Summit 1
BOTTOM OF THE 8TH
Lee's Summit Tigers batting - Pitching for Grim Reapers : RHP Elijah Justice
Pitching: RHP Will Brown
Batting: LHB José Guerrero 0-0: Ball
1-0: Ball
2-0: Swinging Strike
2-1: Ball
3-1: Base on Balls
Batting: LHB Chris Gibson 0-0: Ball
1-0: Ball
2-0: Ball
3-0: Called Strike
3-1: Called Strike
3-2: Foul Ball, location: 2F
3-2: Foul Ball, location: 2F
3-2: Foul Ball, location: 2F
3-2: 2-RUN HOME RUN (Flyball, 9D), Distance : 365 ft
Pitching: RHP Joe Bell
Batting: RHB John Arnold 0-0: Ball
1-0: Called Strike
1-1: Foul Ball, location: 2F
1-2: Foul Ball, location: 2F
1-2: Strikes out swinging
Batting: RHB Salvador Rodríguez 0-0: Called Strike
0-1: Foul Ball, location: 2F
0-2: Ground out 6-3 (Groundball, 6)
Batting: RHB José Deleón 0-0: Called Strike
0-1: Ball
1-1: Foul Ball, location: 2F
1-2: Foul Ball, location: 2F
1-2: Strikes out swinging
Bottom of the 8th over - 2 runs, 1 hit, 0 errors, 0 left on base; Grim 3 - Lee's Summit 3
TOP OF THE 9TH
Grim Reapers batting - Pitching for Lee's Summit Tigers : RHP Christiano Bray
Pinch Hitting: RHB Esteban Concepción 0-0: Ball
1-0: Ball
2-0: Foul Ball, location: 2F
2-1: Ball
3-1: Fly out, F7 (Line Drive, 78M)
Pinch Hitting: LHB Marcos Fontanez 0-0: Ball
1-0: Called Strike
1-1: Ball
2-1: Swinging Strike
2-2: Foul Ball, location: 2F
2-2: Strikes out swinging
Batting: RHB Pedro López 0-0: Foul Ball, location: 2F
0-1: Ball
1-1: Foul Ball, location: 2F
1-2: Ball
2-2: Ball
3-2: Base on Balls
Batting: RHB Justin Geoghegan 0-0: Ball
1-0: Foul Ball, location: 2F
1-1: Called Strike
1-2: Strikes out swinging
Top of the 9th over - 0 runs, 0 hits, 0 errors, 1 left on base; Grim 3 - Lee's Summit 3
BOTTOM OF THE 9TH
Lee's Summit Tigers batting - Pitching for Grim Reapers : RHP Joe Bell
Now at C: Luis López
Now in LF: Esteban Concepción
Pinch Hitting: LHB Víctor Piña 0-0: Fly out, F8 (Flyball, 8RXD)
Pinch Hitting: SHB Tony Morrison 0-0: Swinging Strike
0-1: Ground out 4-3 (Groundball, 4)
Batting: RHB Juan Rodríguez 0-0: Ball
1-0: Ball
2-0: SINGLE (Groundball, 6MD)
Batting: LHB David Gómez 0-0: SINGLE (Line Drive, 56)
Juan Rodríguez to second
Batting: LHB José Guerrero 0-0: Ball
1-0: Swinging Strike
1-1: Ball
2-1: Ball
3-1: Ground out U3 (Groundball, 34)
Bottom of the 9th over - 0 runs, 2 hits, 0 errors, 2 left on base; Grim 3 - Lee's Summit 3
TOP OF THE 10TH
Grim Reapers batting - Pitching for Lee's Summit Tigers : RHP Christiano Bray
Pitching: LHP Luis Sandoval
Now at 1B: Tony Morrison
Now at SS: Tristan Sims
Batting: RHB Juan Ortega 0-0: Ball
1-0: Ball
2-0: Ground out 6-3 (Groundball, 6)
Batting: RHB Roberto Villela 0-0: Called Strike
0-1: Foul Ball, location: 2F
0-2: Ground out 1-3 (Groundball, 15)
Batting: RHB Joel Hebert 0-0: Ball
1-0: Ball
2-0: Ball
3-0: Called Strike
3-1: Base on Balls
Pinch Runner at 1st José Chávez:
Batting: RHB Phil Martin 0-0: Ground out U3 (Groundball, 3)
Top of the 10th over - 0 runs, 0 hits, 0 errors, 1 left on base; Grim 3 - Lee's Summit 3
BOTTOM OF THE 10TH
Lee's Summit Tigers batting - Pitching for Grim Reapers : RHP Joe Bell
Pitching: RHP Paul Turberville
Batting: LHB Chris Gibson 0-0: Fly out, F8 (Flyball, 89D)
Batting: RHB John Arnold 0-0: Ball
1-0: Ball
2-0: Called Strike
2-1: Swinging Strike
2-2: Ground out 6-3 (Groundball, 6M)
Batting: RHB Salvador Rodríguez 0-0: Swinging Strike
0-1: Ball
1-1: Swinging Strike
1-2: Ball
2-2: Strikes out swinging
Bottom of the 10th over - 0 runs, 0 hits, 0 errors, 0 left on base; Grim 3 - Lee's Summit 3
TOP OF THE 11TH
Grim Reapers batting - Pitching for Lee's Summit Tigers : LHP Luis Sandoval
Batting: SHB Frank Grant 0-0: Called Strike
0-1: Ball
1-1: Foul Ball, location: 2F
1-2: Strikes out swinging
Batting: RHB Esteban Concepción 0-0: SINGLE (Flyball, 5D)
Batting: RHB Luis López 0-0: Called Strike
0-1: Ball
1-1: Called Strike
1-2: Foul Ball, location: 2F
1-2: Foul Ball, location: 2F
1-2: Ball
2-2: Strikes out swinging
Batting: RHB Pedro López 0-0: DOUBLE (Line Drive, 7LM)
Esteban Concepción to third
Runner from 3rd tries for Home, throw and OUT!
Top of the 11th over - 0 runs, 2 hits, 0 errors, 1 left on base; Grim 3 - Lee's Summit 3
BOTTOM OF THE 11TH
Lee's Summit Tigers batting - Pitching for Grim Reapers : RHP Paul Turberville
Batting: RHB José Deleón 0-0: Ball
1-0: Called Strike
1-1: Fly out, F4 (Popup, 4)
Batting: LHB Tristan Sims 0-0: Ground out 1-3 (Groundball, P)
Batting: SHB Tony Morrison 0-0: SINGLE (Groundball, 6D)
Batting: RHB Juan Rodríguez 0-0: Called Strike
0-1: 2-RUN HOME RUN (Flyball, 7LD), Distance : 327 ft
Saturday, December 16th, 2017 - OOTP Baseball 18.8 Build 76